| TOP OF THE 1ST |
|
Dunedin Blue Jays batting - Pitching for Miami Whales : RHP Jose Reyes
|
|
Pitching: RHP Jose Reyes
|
|
|
Batting: RHB David Hall
|
0-0: Foul Ball, location: 2F 0-1: Ground out 4-3 (Groundball, 34, EV 86.9 MPH)
|
|
Batting: LHB Ray Cosey
|
0-0: Called Strike 0-1: Ball 1-1: Ball 2-1: Ground out 4-3 (Groundball, 4S, EV 77.5 MPH)
|
|
Batting: RHB Miguel Rodriguez
|
0-0: Ball 1-0: Called Strike 1-1: Ground out 4-3 (Groundball, 4, EV 97.5 MPH)
|
| Top of the 1st over - 0 runs, 0 hits, 0 errors, 0 left on base; Dunedin 0 - Miami 0 |
| BOTTOM OF THE 1ST |
|
Miami Whales batting - Pitching for Dunedin Blue Jays : RHP Scott Whaley
|
|
Pitching: RHP Scott Whaley
|
|
|
Batting: SHB Ramon Alcantara
|
0-0: Foul Ball, location: 2F 0-1: Ball 1-1: Foul Ball, location: 2F 1-2: Ball 2-2: Foul Ball, location: 2F 2-2: Ball 3-2: Foul Ball, location: 2F 3-2: SINGLE (Groundball, 34D, EV 107.5 MPH) (infield hit)
|
|
Batting: RHB Donald Hubbard
|
0-0: Ball 1-0: Ball 2-0: 2-RUN HOME RUN (Flyball, 7D, EV 95.6 MPH), Distance : 353 ft
|
|
Batting: RHB Tom Grant
|
0-0: Foul Ball, location: 2F 0-1: Ball 1-1: Foul Ball, location: 2F 1-2: Foul Ball, location: 2F 1-2: Ball 2-2: Ball 3-2: Foul Ball, location: 2F 3-2: Foul Ball, location: 2F 3-2: Ground out 3-1 (Groundball, 34, EV 98.8 MPH)
|
|
Batting: LHB Lorenzo Bundy
|
0-0: Swinging Strike 0-1: Hit by Pitch
|
|
Batting: RHB Rafael Ortega
|
0-0: Ball 1-0: Ball 2-0: Ball 3-0: Called Strike 3-1: Foul Ball, location: 2F 3-2: Fly out, F7 (Flyball, 7LS, EV 93.1 MPH)
|
|
Batting: RHB Steve Benson
|
0-0: Ball 1-0: Ball 2-0: Ball 3-0: Base on Balls Lorenzo Bundy to second
|
|
Batting: RHB Ramon Cardenas
|
0-0: Foul Ball, location: 2F 0-1: Ball 1-1: Foul Ball, location: 2F 1-2: Ground out 4-3 (Groundball, 4, EV 76.9 MPH)
|
| Bottom of the 1st over - 2 runs, 2 hits, 0 errors, 2 left on base; Dunedin 0 - Miami 2 |
| TOP OF THE 2ND |
|
Dunedin Blue Jays batting - Pitching for Miami Whales : RHP Jose Reyes
|
|
Batting: RHB Dale Berra
|
0-0: Fly out, F7 (Flyball, 7LS, EV 91.3 MPH)
|
|
Batting: LHB Gary Fulton
|
0-0: Ball 1-0: Swinging Strike 1-1: Ball 2-1: Ball 3-1: Swinging Strike 3-2: Strikes out swinging
|
|
Batting: RHB Brad Wellman
|
0-0: Ball 1-0: Ball 2-0: Fly out, F9 (Flyball, 9LM, EV 90.6 MPH)
|
| Top of the 2nd over - 0 runs, 0 hits, 0 errors, 0 left on base; Dunedin 0 - Miami 2 |
| BOTTOM OF THE 2ND |
|
Miami Whales batting - Pitching for Dunedin Blue Jays : RHP Scott Whaley
|
|
Batting: SHB Philip Rossi
|
0-0: Ground out 4-3 (Groundball, 34, EV 85.0 MPH)
|
|
Batting: RHB Patrick Rubino
|
0-0: Called Strike 0-1: Ball 1-1: Fly out, F6 (Flyball, 5D, EV 77.5 MPH)
|
|
Batting: SHB Ramon Alcantara
|
0-0: Foul Ball, location: 2F 0-1: Foul Ball, location: 2F 0-2: Ball 1-2: Foul Ball, location: 2F 1-2: Fly out, F8 (Flyball, 78S, EV 78.8 MPH)
|
| Bottom of the 2nd over - 0 runs, 0 hits, 0 errors, 0 left on base; Dunedin 0 - Miami 2 |
| TOP OF THE 3RD |
|
Dunedin Blue Jays batting - Pitching for Miami Whales : RHP Jose Reyes
|
|
Batting: RHB Wil Culmer
|
0-0: Ball 1-0: Foul Ball, location: 2F 1-1: Foul Ball, location: 2F 1-2: Ball 2-2: Strikes out swinging
|
|
Batting: RHB Dann Bilardello
|
0-0: Ball 1-0: Called Strike 1-1: Swinging Strike 1-2: Foul Ball, location: 2F 1-2: Ball 2-2: Strikes out swinging
|
|
Batting: RHB Scott Richartz
|
0-0: Ball 1-0: Fly out, F7 (Flyball, 7LS, EV 83.8 MPH)
|
| Top of the 3rd over - 0 runs, 0 hits, 0 errors, 0 left on base; Dunedin 0 - Miami 2 |
| BOTTOM OF THE 3RD |
|
Miami Whales batting - Pitching for Dunedin Blue Jays : RHP Scott Whaley
|
|
Batting: RHB Donald Hubbard
|
0-0: Called Strike 0-1: Ball 1-1: Ball 2-1: Fly out, F8 (Flyball, 8RXD, EV 91.9 MPH)
|
|
Batting: RHB Tom Grant
|
0-0: Called Strike 0-1: Foul Ball, location: 2F 0-2: Ground out 6-3 (Groundball, 56, EV 82.5 MPH)
|
|
Batting: LHB Lorenzo Bundy
|
0-0: Called Strike 0-1: Ball 1-1: Ball 2-1: Swinging Strike 2-2: Strikes out looking
|
| Bottom of the 3rd over - 0 runs, 0 hits, 0 errors, 0 left on base; Dunedin 0 - Miami 2 |
| TOP OF THE 4TH |
|
Dunedin Blue Jays batting - Pitching for Miami Whales : RHP Jose Reyes
|
|
Batting: RHB David Hall
|
0-0: Ball 1-0: Swinging Strike 1-1: Foul Ball, location: 2F 1-2: Strikes out swinging
|
|
Batting: LHB Ray Cosey
|
0-0: Ball 1-0: Ball 2-0: Called Strike 2-1: Swinging Strike 2-2: Strikes out swinging
|
|
Batting: RHB Miguel Rodriguez
|
0-0: Called Strike 0-1: SINGLE (Line Drive, 56D, EV 98.1 MPH)
|
|
Batting: RHB Dale Berra
|
0-0: Ground out 4-3 (Groundball, 34, EV 105.6 MPH)
|
| Top of the 4th over - 0 runs, 1 hit, 0 errors, 1 left on base; Dunedin 0 - Miami 2 |
| BOTTOM OF THE 4TH |
|
Miami Whales batting - Pitching for Dunedin Blue Jays : RHP Scott Whaley
|
|
Batting: RHB Rafael Ortega
|
0-0: Ball 1-0: Ball 2-0: Ball 3-0: Base on Balls
|
|
Batting: RHB Steve Benson
|
0-0: Foul Ball, location: 2F 0-1: Ball 1-1: Swinging Strike 1-2: Foul Ball, location: 2F 1-2: Ball 2-2: Reached on error, E6 (Groundball, 6, EV 75.6 MPH) Rafael Ortega to second
|
|
Batting: RHB Ramon Cardenas
|
0-0: Called Strike 0-1: Foul Ball, location: 2F 0-2: Ball 1-2: Ball 2-2: Fielders Choice at 2nd, 3-6 (Groundball, 34S, EV 77.5 MPH) Rafael Ortega to third
|
|
Batting: SHB Philip Rossi
|
0-0: Called Strike 0-1: Foul Ball, location: 2F 0-2: Ball 1-2: Fly out, F4 (Line Drive, 4, EV 70.6 MPH)
|
|
Batting: RHB Patrick Rubino
|
0-0: SINGLE (Groundball, 4MD, EV 100.6 MPH) Rafael Ortega scores Ramon Cardenas to second Runner from 2nd tries for 3rd, SAFE, no throw by CF
|
|
Batting: SHB Ramon Alcantara
|
0-0: Ball 1-0: Foul Ball, location: 2F 1-1: Ball 2-1: Foul Ball, location: 2F 2-2: Ball 3-2: Base on Balls Patrick Rubino to second
|
|
Batting: RHB Donald Hubbard
|
0-0: Ball 1-0: Called Strike 1-1: Ball 2-1: Called Strike 2-2: Foul Ball, location: 2F 2-2: Ball 3-2: Base on Balls Ramon Cardenas scores Patrick Rubino to third Ramon Alcantara to second
|
|
Batting: RHB Tom Grant
|
0-0: Foul Ball, location: 2F 0-1: Fly out, F8 (Flyball, 78D, EV 98.1 MPH)
|
| Bottom of the 4th over - 2 runs, 1 hit, 1 error, 3 left on base; Dunedin 0 - Miami 4 |
| TOP OF THE 5TH |
|
Dunedin Blue Jays batting - Pitching for Miami Whales : RHP Jose Reyes
|
|
Batting: LHB Gary Fulton
|
0-0: SINGLE (Line Drive, 9LS, EV 94.4 MPH)
|
|
Batting: RHB Brad Wellman
|
0-0: Called Strike Gary Fulton steals 2nd base 0-1: SINGLE (Flyball, 9S, EV 90.0 MPH) Gary Fulton to third Runner from 3rd tries for Home, SAFE, throw by RF to home
|
|
Batting: RHB Wil Culmer
|
0-0: Ball 1-0: Called Strike 1-1: Ball 2-1: Ball 3-1: Foul Ball, location: 2F 3-2: Grounds into double play, 6-4-3 (Groundball, 6, EV 94.4 MPH)
|
|
Batting: RHB Dann Bilardello
|
0-0: Ball 1-0: Called Strike 1-1: SINGLE (Groundball, 25, EV 63.1 MPH) (infield hit)
|
|
Batting: RHB Scott Richartz
|
0-0: Ball 1-0: Foul Ball, location: 2F 1-1: Fly out, F9 (Flyball, 89S, EV 85.0 MPH)
|
| Top of the 5th over - 1 run, 3 hits, 0 errors, 1 left on base; Dunedin 1 - Miami 4 |
| BOTTOM OF THE 5TH |
|
Miami Whales batting - Pitching for Dunedin Blue Jays : RHP Scott Whaley
|
|
Batting: LHB Lorenzo Bundy
|
0-0: Ball 1-0: Fly out, F2 (Popup, 3SF, EV 78.1 MPH)
|
|
Batting: RHB Rafael Ortega
|
0-0: Swinging Strike 0-1: Foul Ball, location: 2F 0-2: Ball 1-2: Foul Ball, location: 2F 1-2: Strikes out swinging
|
|
Batting: RHB Steve Benson
|
0-0: Called Strike 0-1: Swinging Strike 0-2: Fly out, F8 (Flyball, 8RD, EV 82.5 MPH)
|
| Bottom of the 5th over - 0 runs, 0 hits, 0 errors, 0 left on base; Dunedin 1 - Miami 4 |
| TOP OF THE 6TH |
|
Dunedin Blue Jays batting - Pitching for Miami Whales : RHP Jose Reyes
|
|
Batting: RHB David Hall
|
0-0: Ball 1-0: Swinging Strike 1-1: Ball 2-1: Swinging Strike 2-2: Ball 3-2: Base on Balls
|
|
Batting: LHB Ray Cosey
|
0-0: Ball David Hall steals 2nd base 1-0: Ball 2-0: Foul Ball, location: 2F 2-1: Fly out, F9 (Flyball, 89XD, EV 91.9 MPH) Runner from 2nd tags up, SAFE at 3rd, no throw by RF
|
|
Batting: RHB Miguel Rodriguez
|
0-0: Ball Wild Pitch! David Hall scores 1-0: Foul Ball, location: 2F 1-1: Called Strike 1-2: Ball 2-2: Ball 3-2: SINGLE (Groundball, 56S, EV 72.5 MPH) (infield hit)
|
|
Batting: RHB Dale Berra
|
0-0: Ball 1-0: Foul Ball, location: 2F 1-1: SINGLE (Line Drive, 34D, EV 97.5 MPH) Miguel Rodriguez to second Runner from 2nd tries for 3rd, SAFE, throw by RF made to third
|
|
Batting: LHB Gary Fulton
|
0-0: Ball 1-0: Called Strike 1-1: Foul Ball, location: 2F 1-2: Ball 2-2: SINGLE (Groundball, 34S, EV 71.9 MPH) (infield hit) Dale Berra to second
|
|
Batting: RHB Brad Wellman
|
0-0: Ball 1-0: Ball 2-0: Ball 3-0: Called Strike 3-1: Foul Ball, location: 2F 3-2: Foul Ball, location: 2F 3-2: Foul Ball, location: 2F 3-2: Grounds into fielders choice 5-2 (Groundball, 5, EV 82.5 MPH) Dale Berra to third Gary Fulton to second
|
|
Batting: RHB Wil Culmer
|
0-0: Swinging Strike 0-1: Ground out 5-3 (Groundball, 56, EV 91.9 MPH)
|
| Top of the 6th over - 1 run, 3 hits, 0 errors, 3 left on base; Dunedin 2 - Miami 4 |
| BOTTOM OF THE 6TH |
|
Miami Whales batting - Pitching for Dunedin Blue Jays : RHP Scott Whaley
|
|
Batting: RHB Ramon Cardenas
|
0-0: Ball 1-0: Ball 2-0: Swinging Strike 2-1: Ground out 4-3 (Groundball, 4M, EV 100.6 MPH)
|
|
Batting: SHB Philip Rossi
|
0-0: Ball 1-0: Fly out, F8 (Line Drive, 8LD, EV 91.3 MPH)
|
|
Batting: RHB Patrick Rubino
|
0-0: Ball 1-0: Called Strike 1-1: Foul Ball, location: 2F 1-2: Ball 2-2: Ground out 4-3 (Groundball, 4, EV 103.1 MPH)
|
| Bottom of the 6th over - 0 runs, 0 hits, 0 errors, 0 left on base; Dunedin 2 - Miami 4 |
| TOP OF THE 7TH |
|
Dunedin Blue Jays batting - Pitching for Miami Whales : RHP Jose Reyes
|
|
Batting: RHB Dann Bilardello
|
0-0: Ground out 4-3 (Groundball, 4S, EV 73.1 MPH)
|
|
Batting: RHB Scott Richartz
|
0-0: Foul Ball, location: 2F 0-1: Ball 1-1: Ground out 5-3 (Groundball, 5, EV 88.1 MPH)
|
|
Batting: RHB David Hall
|
0-0: Called Strike 0-1: Called Strike 0-2: Ball 1-2: Strikes out swinging
|
| Top of the 7th over - 0 runs, 0 hits, 0 errors, 0 left on base; Dunedin 2 - Miami 4 |
| BOTTOM OF THE 7TH |
|
Miami Whales batting - Pitching for Dunedin Blue Jays : RHP Scott Whaley
|
|
Pitching: LHP Manuel Tamarez
|
|
|
Batting: SHB Ramon Alcantara
|
0-0: Ball 1-0: Foul Ball, location: 2F 1-1: Fly out, F9 (Flyball, 9S, EV 81.3 MPH)
|
|
Batting: RHB Donald Hubbard
|
0-0: Ball 1-0: Called Strike 1-1: Swinging Strike 1-2: Ball 2-2: Strikes out swinging
|
|
Batting: RHB Tom Grant
|
0-0: Called Strike 0-1: Foul Ball, location: 2F 0-2: Ball 1-2: Foul Ball, location: 2F 1-2: Foul Ball, location: 2F 1-2: Ball 2-2: SINGLE (Line Drive, 56D, EV 94.4 MPH)
|
|
Batting: LHB Lorenzo Bundy
|
0-0: Ball 1-0: Foul Ball, location: 2F 1-1: Ball 2-1: 2-RUN HOME RUN (Flyball, 9D, EV 93.1 MPH), Distance : 371 ft
|
|
Batting: RHB Rafael Ortega
|
0-0: Called Strike 0-1: Fly out, F8 (Flyball, 89M, EV 85.6 MPH)
|
| Bottom of the 7th over - 2 runs, 2 hits, 0 errors, 0 left on base; Dunedin 2 - Miami 6 |
| TOP OF THE 8TH |
|
Dunedin Blue Jays batting - Pitching for Miami Whales : RHP Jose Reyes
|
|
Batting: LHB Ray Cosey
|
0-0: Foul Ball, location: 2F 0-1: Foul Ball, location: 2F 0-2: DOUBLE (Line Drive, 89M, EV 97.5 MPH)
|
|
Batting: RHB Miguel Rodriguez
|
0-0: Called Strike 0-1: Foul Ball, location: 2F 0-2: Ball 1-2: SINGLE (Groundball, 25, EV 68.8 MPH) (infield hit) Ray Cosey to third
|
|
Batting: RHB Dale Berra
|
0-0: Foul Ball, location: 2F 0-1: Swinging Strike 0-2: SINGLE (Groundball, 6MD, EV 101.3 MPH) Ray Cosey scores Miguel Rodriguez to second
|
|
Batting: LHB Gary Fulton
|
0-0: Ball 1-0: SINGLE (Groundball, 56D, EV 98.8 MPH) Miguel Rodriguez to third Dale Berra to second
|
|
Pinch Hitting: LHB Monte McAbee
|
0-0: Grounds into double play, 3-2-3 (Groundball, 3, EV 86.9 MPH) Dale Berra to third Gary Fulton to second
|
|
Batting: RHB Wil Culmer
|
0-0: Called Strike 0-1: Called Strike 0-2: Ball 1-2: Strikes out looking
|
| Top of the 8th over - 1 run, 4 hits, 0 errors, 2 left on base; Dunedin 3 - Miami 6 |
| BOTTOM OF THE 8TH |
|
Miami Whales batting - Pitching for Dunedin Blue Jays : LHP Manuel Tamarez
|
|
Now at 2B: Jeff Bertoni
|
|
|
Batting: RHB Steve Benson
|
0-0: Called Strike 0-1: Ball 1-1: Swinging Strike 1-2: Ball 2-2: Foul Ball, location: 2F 2-2: Ball 3-2: SINGLE (Line Drive, 34D, EV 105.0 MPH)
|
|
Batting: RHB Ramon Cardenas
|
0-0: Sac Bunt to 25 - play at first, batter OUT! 5-3 Steve Benson to second
|
|
Batting: SHB Philip Rossi
|
0-0: Ball 1-0: Ground out U3 (Groundball, 3, EV 111.9 MPH) Steve Benson to third
|
|
Batting: RHB Patrick Rubino
|
0-0: Fly out, F3 (Popup, 3DF, EV 55.6 MPH)
|
| Bottom of the 8th over - 0 runs, 1 hit, 0 errors, 1 left on base; Dunedin 3 - Miami 6 |
| TOP OF THE 9TH |
|
Dunedin Blue Jays batting - Pitching for Miami Whales : RHP Jose Reyes
|
|
Batting: RHB Dann Bilardello
|
0-0: Ball 1-0: Ball 2-0: Called Strike 2-1: SINGLE (Groundball, 6MD, EV 99.4 MPH)
|
|
Batting: RHB Scott Richartz
|
0-0: Fly out, F4 (Line Drive, 4, EV 70.0 MPH)
|
|
Batting: RHB David Hall
|
0-0: Fly out, F5 (Line Drive, 5, EV 71.9 MPH)
|
|
Batting: LHB Ray Cosey
|
0-0: Called Strike 0-1: Foul Ball, location: 2F 0-2: Ball 1-2: Ground out U3 (Groundball, 3, EV 101.3 MPH)
|
| Top of the 9th over - 0 runs, 1 hit, 0 errors, 1 left on base; Dunedin 3 - Miami 6 |
|